 Dungeon Crawl Stone Soup version 0.32-a0-975-g85d4e5bfdb (webtiles) character file.

Game seed: 10578982176820035554

6513 Cedruin the Protected (level 11, -1/83 (87) HPs)
             Began as a Coglin Gladiator on Apr 19, 2024.
             Was an Elder of Okawaru.
             Slain by a profane servitor
             ... wielding a +2 whip
              (10 damage)
             ... on level 2 of the Abyss.
             The game lasted 00:26:13 (8986 turns).

Cedruin the Protected (Coglin Gladiator)            Turns: 8986, Time: 00:26:13

HP:   -1/83 (87)    AC: 13    Str: 17    XL:     11   Next: 0%
MP:   11/11         EV: 12    Int: 10    God:    Okawaru [****..]
Gold: 241           SH:  0    Dex: 15    Spells: 10/10 levels left

rFire   . . .        a - +0 war axe {Ning}
rCold   . . .        A - +1 flail (protect) {Bonhwa}
rNeg    . . .        K - +0 ring mail
rPois   .            c - +1 helmet
rElec   .            (no cloak)
rCorr   .            b - +1 pair of gloves
SInv    .            t - +0 pair of boots
Will    .....        (amulet unavailable)
Stlth   +            (ring unavailable)
HPRegen 0.33/turn    (ring unavailable)
MPRegen 0.12/turn    (no gizmo)

%: no passive effects
@: about to teleport, wreathed by umbra, studying Armour, lightly drained,
revving
A: off-hand wielding, slow wielding, warmup strikes, no jewellery
a: Invent Gizmo, Renounce Religion, Heroism, Finesse


You were on level 2 of the Abyss.
You worshipped Okawaru.
Okawaru was greatly pleased with you.
You visited 2 branches of the dungeon, and saw 9 of its levels.
You visited the Abyss 1 time.
You also visited: Bailey.

You collected 421 gold pieces.
You spent 180 gold pieces at shops.

Inventory:

Hand Weapons
 a - a +0 war axe (weapon) {Ning}
 r - a +0 broad axe
 x - a +0 whip of venom {Jasleen}
 A - a +1 flail of protection (offhand) {Bonhwa}
 L - a +1 orcbow of electrocution
Missiles
 d - a throwing net
 e - 3 javelins
 k - 11 poisoned darts (quivered)
Armour
 b - a +1 pair of gloves (worn)
 c - a +1 helmet (worn)
 t - a +0 pair of boots (worn)
 v - a +0 buckler
 K - a +0 ring mail (worn)
Wands
 f - a wand of roots (12)
 u - a wand of paralysis (4)
 w - a wand of flame (4)
Scrolls
 j - 4 scrolls of immolation
 l - a scroll of vulnerability {unknown}
 n - a scroll of torment {unknown}
 p - 2 scrolls of silence {unknown}
 q - a scroll of poison {unknown}
 y - 3 scrolls of fog
 B - a scroll of butterflies {unknown}
 C - a scroll of teleportation
 F - a scroll of enchant armour
 G - a scroll of enchant weapon
 H - a scroll of brand weapon {unknown}
Potions
 g - a potion of haste
 h - a potion of berserk rage {unknown}
 i - 5 potions of attraction {unknown}
 m - a potion of magic {unknown}
 o - 2 potions of cancellation
 s - a potion of curing {unknown}
 z - a potion of resistance {unknown}
 D - a potion of enlightenment {unknown}
 E - a potion of might {unknown}
 I - 2 potions of ambrosia {unknown}
 J - a potion of invisibility {unknown}


   Skills:
 + Level 8.5 Fighting
 + Level 8.8(9.6) Axes
 + Level 5.3(7.4) Maces & Flails
 - Level 1.7 Throwing
 + Level 10.2 Armour
 - Level 5.7 Dodging


You had 10 spell levels left.
You didn't know any spells.
Your spell library contained the following spells:

 Spells                   Type           Power      Damage    Failure   Level
 Ensorcelled Hibernation  Hex/Ice        0%         N/A       67%         2
 Inner Flame              Hex/Fire       0%         N/A       88%         3
 Passwall                 Erth           0%         N/A       88%         3
 Swiftness                Air            0%         N/A       88%         3
 Flame Wave               Conj/Fire      0%         2d4       99%         4
 Sticky Flame             Fire/Alch      0%         2d4       99%         4


Dungeon Overview and Level Annotations

Branches:
Dungeon (8/15)             Temple (1/1) D:7          Bailey (visited)
   Lair: D:8-11

Altars:
Ashenzari
Cheibriados
Dithmenos
Elyvilon
Fedhas
Gozag
Hepliaklqana
Kikubaaqudgha
Makhleb
Nemelex Xobeh
Okawaru
Qazlal
Ru
Sif Muna
Trog
Uskayaw
Vehumet
Wu Jian
Xom
Yredelemnul
Zin
The Shining One

Shops:
D:7 *   D:8 [

Annotations:
D:5 3 runed translucent doors, Maxmaps's ghost, novice DrSh
D:8 Psyche
Temple 2 transporters


Innate Abilities, Weirdness & Mutations

You can wield a second weapon in your off-hand.
It takes a long time for you to wield or remove held weapons.
Your first few attacks do less damage.
You cannot equip rings or amulets.


Message History

The spriggan defender zombie hits you but does no damage.
The spriggan defender zombie barely misses you.
As you read the scroll of teleportation, it crumbles to dust.
You feel strangely unstable.
You feel the power of the Abyss delaying your translocation!
The rakshasa blinks!
The spriggan defender zombie hits you.
Okay, then.
The spriggan defender zombie closely misses you.
The spriggan defender zombie hits you but does no damage.
The profane servitor attacks as it pursues you!
The profane servitor closely misses you.
The profane servitor hits you but does no damage.
The spriggan defender zombie hits you but does no damage.
The profane servitor attacks as it pursues you!
The profane servitor hits you with a +2 whip!
The profane servitor draws strength from your injuries!
The profane servitor hits you with a +2 whip.
You feel drained.
The profane servitor hits you with a +2 whip!
* * * LOW HITPOINT WARNING * * *
The profane servitor draws strength from your injuries!
The profane servitor hits you with a +2 whip.
* * * LOW HITPOINT WARNING * * *
You feel drained.
* * * LOW HITPOINT WARNING * * *
The profane servitor attacks as it pursues you!
The profane servitor hits you but does no damage.
The profane servitor hits you with a +2 whip.
* * * LOW HITPOINT WARNING * * *
You feel drained.
The profane servitor hits you with a +2 whip!
* * * LOW HITPOINT WARNING * * *
The profane servitor draws strength from your injuries!
The profane servitor hits you with a +2 whip.
* * * LOW HITPOINT WARNING * * *
You feel drained.
Found a corrupted altar of Lugonu.
The profane servitor attacks as it pursues you!
The profane servitor hits you with a +2 whip!
You die...

_. # #.## ##
#.#.... ..
....##'####
.........# #
###.......# #
#.##.#.......#
.#.#.#..#.#@.#
......##..A..#
.......#Z..###.#
# . .........#.#.
... ' ..
.....#.#..#......
# X
..##.#R#§.#..#
...# .
.##.#.§#§§... . .
###'#### . .
..§§§§§#...... #.
. # .. §§§§§
§#......##....


You could see a profane servitor, a rakshasa and a spriggan defender zombie.

Vanquished Creatures
  2 two-headed ogres
  Pikel (D:8)
  A troll (D:6)
  3 spriggans (Bailey)
  6 yaks (D:8)
  2 small abominations (Abyss:2)
  A steam dragon (Bailey)
  2 black bears
  2 orc warriors (D:8)
  An ice beast (D:3)
  A sky beast (D:7)
  8 ogres
  A centaur (D:8)
  A phantom (D:7)
  4 scorpions
  5 wights (D:7)
  A howler monkey (D:7)
  2 bombardier beetles
  2 hounds (D:6)
  3 orc priests
  3 gnoll boudas
  A jelly (D:6)
  5 orc wizards
  2 sleepcaps
  Ijyb (D:3)
  Natasha (thrice) (D:4)
  3 iguanas
  12 gnolls
  6 adders
  3 white imps
  2 ufetubi (D:6)
  2 ribbon worms (D:3)
  4 dart slugs
  14 orcs
  5 ball pythons
  6 endoplasms
  8 giant cockroaches
  7 goblins
  10 hobgoblins
  9 jackals
  13 kobolds
  4 quokkas
  2 bats (D:2)
  5 frilled lizards
  6 rats
185 creatures vanquished.

Vanquished Creatures (others)
  A spriggan (Bailey)
1 creature vanquished.

Grand Total: 186 creatures vanquished

Notes
Turn   | Place    | Note
-------+----------+-------------------------------------------
     0 | D:1      | Cedruin the Coglin Gladiator began the quest for the Orb.
     0 | D:1      | Reached XP level 1. HP: 16/16 MP: 1/1
   106 | D:1      | Reached XP level 2. HP: 14/22 MP: 2/2
   303 | D:1      | Found a faded altar of an unknown god.
   321 | D:1      | Reached skill level 1 in Armour
   369 | D:1      | Reached XP level 3. HP: 26/28 MP: 3/3
  1085 | D:2      | Reached XP level 4. HP: 33/34 MP: 4/4
  2099 | D:3      | Noticed an ice beast
  2115 | D:3      | Killed an ice beast
  2116 | D:3      | Reached skill level 2 in Armour
  2116 | D:3      | Reached XP level 5. HP: 41/41 MP: 5/5
  2266 | D:3      | Noticed Ijyb
  2268 | D:3      | Paralysed by Ijyb for 5 turns
  2277 | D:3      | Paralysed by Ijyb for 3 turns
  2282 | D:3      | Killed Ijyb
  2283 | D:3      | Reached XP level 6. HP: 31/47 MP: 6/6
  2618 | D:3      | Identified a scroll of acquirement
  2618 | D:3      | Acquired a manual of Armour
  2965 | D:4      | Reached skill level 3 in Armour
  3202 | D:4      | Noticed Natasha
  3207 | D:4      | Killed Natasha
  3208 | D:4      | Reached XP level 7. HP: 45/53 MP: 7/7
  3319 | D:4      | Noticed Natasha
  3329 | D:4      | Killed Natasha
  4032 | D:4      | Reached skill level 5 in Axes
  4032 | D:4      | Reached skill level 4 in Armour
  4137 | D:4      | Noticed Natasha
  4143 | D:4      | Killed Natasha
  4899 | D:5      | Entered Level 5 of the Dungeon
  4999 | D:5      | Reached XP level 8. HP: 61/61 MP: 8/8
  5333 | D:5      | Reached skill level 5 in Armour
  5357 | D:5      | Noticed a two-headed ogre
  5361 | D:5      | Noticed Maxmaps's ghost (novice DrSh)
  5393 | D:5      | Found a runed translucent gate.
  5393 | D:5      | Found a runed translucent gate.
  5395 | D:5      | Found a runed translucent gate.
  5515 | D:5      | Reached skill level 5 in Fighting
  5515 | D:5      | Reached skill level 5 in Dodging
  6631 | D:6      | Found a basalt altar of Yredelemnul.
  6729 | D:6      | Reached skill level 6 in Armour
  6762 | D:6      | Noticed a troll
  6773 | D:6      | Killed a troll
  6774 | D:6      | Reached XP level 9. HP: 69/69 MP: 9/9
  7002 | D:7      | Found an ornate altar of the Wu Jian Council.
  7223 | D:7      | Found a broken altar of Ashenzari.
  7243 | D:7      | Found Deqo's Gadget Gallery.
  7294 | D:7      | Reached skill level 1 in Maces & Flails
  7307 | D:7      | Found a staircase to the Ecumenical Temple.
  7313 | Temple   | Found a transporter.
  7313 | Temple   | Found a transporter.
  7313 | Temple   | Found a transporter.
  7313 | Temple   | Found a transporter.
  7313 | Temple   | Entered the Ecumenical Temple
  7327 | Temple   | Became a worshipper of Warmaster Okawaru
  7342 | D:7      | Found a flagged portal.
  7352 | Bailey   | Entered a bailey
  7406 | Bailey   | Reached skill level 7 in Armour
  7498 | Bailey   | Reached * piety under Okawaru
  7513 | Bailey   | Noticed a two-headed ogre
  7526 | Bailey   | Killed a two-headed ogre
  7526 | Bailey   | Reached ** piety under Okawaru
  7527 | Bailey   | Reached skill level 8 in Armour
  7527 | Bailey   | Reached XP level 10. HP: 72/79 MP: 10/10
  8346 | D:8      | Found Caotelir's Antique Armour Emporium.
  8361 | D:8      | Bought a pair of embroidered gloves for 180 gold pieces
  8395 | D:8      | Reached skill level 9 in Armour
  8420 | D:8      | Reached *** piety under Okawaru
  8617 | D:8      | Noticed a two-headed ogre
  8634 | D:8      | Killed a two-headed ogre
  8797 | D:8      | Noticed Pikel
  8807 | D:8      | Killed Pikel
  8808 | D:8      | Reached skill level 5 in Maces & Flails
  8808 | D:8      | Reached skill level 10 in Armour
  8890 | D:8      | Noticed Psyche
  8896 | Abyss:2  | Cast into level 2 of the Abyss (Psyche)
  8950 | Abyss:2  | Reached **** piety under Okawaru
  8951 | Abyss:2  | Reached XP level 11. HP: 81/87 MP: 11/11
  8953 | Abyss:2  | Noticed a large abomination
  8975 | Abyss:2  | Noticed a profane servitor
  8976 | Abyss:2  | Noticed a rakshasa
  8986 | Abyss:2  | Found a corrupted altar of Lugonu.
  8986 | Abyss:2  | Slain by a profane servitor

Illustrated notes

Levels and vault maps discovered:
D:1:      dpeg_arrival_round_c, layout_basic, ebering_ecumenical_altar_rust,
          hangedman_decor_clover_reticule, hangedman_decor_points
D:2:      layout_basic
D:3:      layout_loops_corners, kennysheep_generic_room_16, uniq_ijyb
D:4:      nicolae_cairo_tiling_very_big, layout_basic, minmay_mini_jars,
          uniq_natasha
D:5:      layout_basic, gammafunk_ghost_split
D:6:      layout_gridville, old_standard_altar
D:7:      layout_loops_ring, mainiacjoe_overflow_large_starburst,
          minmay_temple_entry_hall, enter_bailey_2,
          minmay_misc_feat_secret_circle, nicolae_shop_gadgets
D:8:      kennysheep_six_static_rooms, layout_cave_pools, ebering_ghost_gozag,
          serial_shops, nicolae_shop_waterfront, nicolae_shop_fire_sale
          [nicolae_sub_dead_trees], corexii_leaking_fountain, uniq_psyche,
          uniq_pikel
Temple:   hellmonk_temple_divided_pantheon
Abyss:2:  base: D:4, abyss_furniture_001

Skill      XL: |  1  2  3  4  5  6  7  8  9 10 |
---------------+-------------------------------+-----
Armour         | 1 2 3 4 6 8 10 | 10.2
Dodging        | 3 4 5 |  5.7
Fighting       | 3 4 5 7 8 |  8.5
Axes           | 4 5 6 7 8 |  8.8
Maces & Flails | 3 5 |  5.3
Throwing       | |  1.7

Action                     |  1- 3 |  4- 6 |  7- 9 | 10-12 || total
---------------------------+-------+-------+-------+-------++-------
  Melee: War axe           |    56 |   105 |   148 |   128 ||   437
         Dagger            |    45 |       |       |       ||    45
         Rapier            |     5 |    94 |    51 |       ||   150
         Flail             |       |       |    69 |   131 ||   200
         Whip              |       |       |    22 |       ||    22
  Throw: Throwing net      |       |     1 |     2 |       ||     3
         Dart              |       |     5 |     6 |     5 ||    16
 Invoke: Heroism           |       |       |       |     1 ||     1
  Evoke: Wand              |       |       |    24 |     3 ||    27
    Use: Scroll            |     3 |     6 |     1 |     2 ||    12
         Potion            |       |       |     1 |     2 ||     3
   Stab: Held in net/web   |       |     2 |     1 |       ||     3
         Sleeping          |       |     2 |     2 |       ||     4
         Paralysed         |       |       |     9 |       ||     9
 Armour: Leather armour    |    41 |    56 |   105 |    18 ||   220
         Ring mail         |       |       |       |   117 ||   117
  Dodge: Dodged            |    29 |    60 |   118 |   110 ||   317

Table legend: (Time is in decaauts)
 A = Elapsed time spent in this place.
 B = Non-inter-level travel time spent in this place.
 C = Inter-level travel time spent in this place.
 D = Time resting spent in this place.
 E = Time spent auto-exploring this place.
 F = Levels seen in this place.
 G = Mean time per level.
                   A        B        C        D        E       F      G
               +--------+--------+--------+--------+--------+-----+--------+
         Total |   9023 |   8742 |    281 |   1061 |   6190 |  11 |  820.3 |
       Dungeon |   8588 |   8328 |    260 |   1061 |   5909 |   8 | 1073.5 |
        Temple |     25 |      4 |     21 |      0 |      0 |   1 |   25.0 |
         Abyss |     90 |     90 |      0 |      0 |     38 |   1 |   90.0 |
        Bailey |    318 |    318 |      0 |      0 |    242 |   1 |  318.0 |
               +--------+--------+--------+--------+--------+-----+--------+

Top non-repeatable levels by time:
     D:4: 1851 daAuts
     D:3: 1456 daAuts
     D:5: 1293 daAuts
     D:1: 1052 daAuts
     D:7: 1038 daAuts
     D:6: 784 daAuts
     D:2: 590 daAuts
     D:8: 522 daAuts
  Bailey: 318 daAuts
 Abyss:2: 90 daAuts
  Temple: 25 daAuts
